 Dungeon Crawl Stone Soup version 0.26-a0-818-g75db068ed4 (console) character file.

Game seed: 3276469783031146744

14 jejorda2 the Skirmisher (level 2, -1/27 HPs)
             Began as a Palentonga Abyssal Knight on Nov 14, 2020.
             Was a Follower of Lugonu.
             Slain by an ogre
             ... wielding a +0 giant spiked club
              (28 damage)
             ... on level 2 of the Dungeon.
             The game lasted 00:03:35 (1056 turns).

jejorda2 the Skirmisher (Palentonga Abyssal Knight) Turns: 1056, Time: 00:03:46

Health: -1/27      AC:  8    Str: 18    XL:     2   Next: 27%
Magic:  3/3        EV:  8    Int: 12    God:    Lugonu [*.....]
Gold:   72         SH:  0    Dex:  9    Spells: 1/1 levels left

rFire    . . .     SeeInvis +   a - +1 mace
rCold    . . .     Faith    .   (no shield)
rNeg     . . .     Spirit   .   q - +0 ring mail
rPois    .         Reflect  .   (no helmet)
rElec    .         Harm     .   (no cloak)
rCorr    .         Rampage  .   f - +2 pair of gloves {Str+3}
MR       .....                  (no barding)
Stlth    ..........             (no amulet)
HPRegen  0.09/turn              (no ring)
MPRegen  0.08/turn              (no ring)

@: no status effects
A: large, rugged brown scales 3, see invisible, deformed body, roll 1, armoured
tail
a: Rolling Charge, Depart the Abyss, Renounce Religion


You were on level 2 of the Dungeon.
You worshipped Lugonu.
Lugonu was aware of your devotion.
You visited 1 branch of the dungeon, and saw 2 of its levels.
You visited the Abyss 1 time.

You collected 72 gold pieces.

Inventory:

Hand Weapons
 a - a +1 mace (weapon)
Missiles
 e - 5 silver boomerangs (quivered)
 i - 3 stones
 m - 6 boomerangs
Armour
 f - a +2 pair of gloves of strength (worn)
 q - a +0 ring mail (worn)
Scrolls
 d - 4 scrolls of identify {unknown}
 h - a scroll of remove curse {unknown}
 j - a scroll of enchant armour {unknown}
 k - a scroll of random uselessness {unknown}
 l - a scroll of teleportation {unknown}
 n - a scroll of magic mapping {unknown}
 o - a scroll of fear {unknown}
Potions
 c - a potion of heal wounds {unknown}
 g - 2 potions of haste {unknown}
 p - a potion of curing {unknown}


   Skills:
 + Level 3.1 Fighting
 * Level 2.4 Maces & Flails
 + Level 1.7 Armour
 - Level 0.7 Dodging
 + Level 2.2 Invocations


You had one spell level left.
You didn't know any spells.
Your spell library was empty.

Dungeon Overview and Level Annotations

Branches:
Dungeon (2/15)

Altars:
Okawaru


Innate Abilities, Weirdness & Mutations

You are completely covered in rugged brown scales. (AC +3, +7% HP)
You have supernaturally acute eyesight. (SInv)
Armour fits poorly on your strangely shaped body.
You can roll at nearby foes to attack.
You have a long armoured tail.


Message History

The hobgoblin hits you.
You hit the hobgoblin.
The hobgoblin is severely wounded.
The hobgoblin hits you but does no damage.
You barely miss the hobgoblin.
The hobgoblin is severely wounded.
The hobgoblin hits you but does no damage.
You hit the hobgoblin.
You kill the hobgoblin!
Lugonu accepts your kill.
d - 4 scrolls labelled DODIOGROEL (gained 1)
An ogre comes into view. It is wielding a +0 giant spiked club.
Roll where?
Press: ? - help, Dir - move target cursor, f - ogre
Aim: an ogre, wielding a +0 giant spiked club You roll forward with a clatter of scales!
You hit the ogre but do no damage.
The ogre hits you with a +0 giant spiked club!!
Ouch! That really hurt!
You die...

#+#+########
#.#.........
############.#.........
#............#.@O......
#.#########..○○........
#.# #............ #.#
#.....#######
#.#########.....#
#......#........#
######.#.##.....#
#..............#
#.###.#.#......#


You could see an ogre.

Vanquished Creatures
  A dart slug (D:1)
  A bat (D:1)
  A giant cockroach (D:1)
  2 goblins
  2 hobgoblins
  2 kobolds (D:1)
  A frilled lizard (D:1)
10 creatures vanquished.

Notes
Turn   | Place    | Note
-------+----------+-------------------------------------------
     0 | Abyss:1  | jejorda2 the Palentonga Abyssal Knight began the quest for
                  | the Orb.
     0 | Abyss:1  | Reached XP level 1. HP: 20/20 MP: 2/2
    36 | Abyss:1  | Found a corrupted altar of Lugonu.
    72 | Abyss:1  | Noticed a great orb of eyes
    72 | Abyss:1  | Noticed a wretched star
    74 | D:1      | Escaped the Abyss
   323 | D:1      | Reached * piety under Lugonu
   409 | D:1      | Reached XP level 2. HP: 27/27 MP: 3/3
   896 | D:2      | Found an iron altar of Okawaru.
  1055 | D:2      | Noticed an ogre
  1056 | D:2      | Slain by an ogre

Illustrated notes

Levels and vault maps discovered:
D:1:      tarquinn_simple_flora_water_e, layout_basic, serial_rivers,
          chequers_serial_rivers_room_b, chequers_serial_rivers_small_a,
          chequers_serial_rivers_room_b, chequers_serial_rivers_large_a,
          minmay_pentomino_t4
D:2:      layout_basic, okawaru_metal_pillars_1_2, uniq_crazy_yiuf_cottage

Action                   || total
-------------------------++-------
Melee: Mace              ||    39
       Tailslap          ||     6
Invok: Depart the Abyss  ||     1
 Abil: Rolling Charge    ||     2
Armor: Leather armour    ||    11
       Ring mail         ||    11
Dodge: Dodged            ||    13

Table legend: (Time is in decaauts)
 A = Elapsed time spent in this place.
 B = Non-inter-level travel time spent in this place.
 C = Inter-level travel time spent in this place.
 D = Time resting spent in this place.
 E = Time spent auto-exploring this place.
 F = Levels seen in this place.
 G = Mean time per level.
                   A        B        C        D        E       F      G
               +--------+--------+--------+--------+--------+-----+--------+
         Total |   1083 |   1064 |     19 |      0 |    856 |   3 |  361.0 |
       Dungeon |   1009 |    990 |     19 |      0 |    856 |   2 |  504.5 |
         Abyss |     74 |     74 |      0 |      0 |      0 |   1 |   74.0 |
               +--------+--------+--------+--------+--------+-----+--------+

Top non-repeatable levels by time:
     D:1: 820 daAuts
     D:2: 188 daAuts
 Abyss:1: 74 daAuts
